Map: Data-C

Players

Creator - Winner!

  • Race: Protoss Protoss
  • Spawn Location: 9:00

Kelazhur

  • Race: Terran Terran
  • Spawn Location: 3:00

Event: DreamHack SC2 Masters 2022 Atlanta (Offline)

VOD

Have the link to the VOD?

Description

Time

  • Played on: Nov. 18, 2022, 2:29 p.m.
  • Length: 39:30

All games in this series

Show
View Real Time Build Order
Export as new Build Order

Creator Protoss - Winner!

Build Orders: 1 Gate Expand, Blink Stalkers, Carriers, Colossus Rush 

Get SALT Encoding   

  12  0:00  Probe  
  13  0:12  Probe  
  14  0:18  Pylon  
  14  0:24  Probe (Chrono Boost)  
  15  0:36  Gateway  
  15  0:37  Probe (Chrono Boost)  
  16  0:44  Probe (Chrono Boost)  
  16  0:46  Assimilator  
  17  0:51  Probe  
  18  1:03  Probe  
  19  1:15  Probe  
  20  1:24  Cybernetics Core  
  20  1:32  Nexus  
  20  1:39  Pylon  
  20  1:41  Probe  
  21  1:47  Assimilator  
  21  1:53  Probe  
  22  1:59  Adept (Chrono Boost)  
  24  2:03  Warp Gate  
  24  2:05  Probe  
  24  2:17  Probe  
  24  2:20  Adept  
  27  2:28  Twilight Council  
  27  2:29  Probe  
  28  2:42  Shield Battery, Probe  
  29  2:46  Probe  
  29  2:54  Probe (Chrono Boost), Stalker  
  31  2:58  Probe (Chrono Boost)  
  31  3:05  Blink (Chrono Boost)  
  33  3:06  Probe (Chrono Boost)  
  33  3:09  Probe (Chrono Boost)  
  33  3:12  Probe (Chrono Boost)  
  34  3:14  Probe (Chrono Boost)  
  36  3:21  Probe  
  37  3:27  Gateway  
  37  3:32  Gateway  
  37  3:35  Probe  
  37  3:39  Probe  
  39  3:46  Robotics Facility  
  39  3:47  Probe  
  40  3:51  Probe  
  40  3:52  Stalker  
  43  4:00  Probe  
  44  4:03  Probe  
  44  4:04  Pylon  
  44  4:07  Pylon  
  45  4:12  Probe  
  43  4:20  Stalker  
  45  4:26  Stalker  
  45  4:28  Probe (Chrono Boost)  
  45  4:30  Probe (Chrono Boost)  
  48  4:36  Observer  
  49  4:40  Probe (Chrono Boost)  
  51  4:45  Probe (Chrono Boost)  
  51  4:47  Probe (Chrono Boost)  
  51  4:48  Sentry  
  51  4:51  Assimilator  
  51  4:52  Probe, Assimilator  
  55  4:53  Robotics Bay  
  55  4:54  Probe  
  55  4:57  Pylon  
  56  5:02  Warp Prism (Chrono Boost)  
  56  5:03  Phoenix  
  56  5:04  Probe  
  59  5:12  Probe  
  60  5:14  Pylon  
  60  5:16  Probe  
  61  5:24  Probe  
  62  5:29  Probe, Stalker  
  62  5:30  Stalker x2  
  62  5:35  Pylon  
  69  5:40  Colossus (Chrono Boost)  
  75  6:03  Extended Thermal Lance, Probe x2  
  77  6:06  Pylon  
  77  6:08  Sentry  
  77  6:10  Nexus  
  78  6:14  Pylon  
  78  6:15  Probe x2  
  77  6:29  Colossus (Chrono Boost), Probe (Chrono Boost)  
  82  6:33  Probe (Chrono Boost)  
  81  6:40  Forge, Probe (Chrono Boost)  
  81  6:46  Probe (Chrono Boost)  
  82  6:50  Probe  
  82  6:52  Shield Battery  
  83  6:58  Probe  
  83  7:00  Stalker  
  86  7:02  Probe  
  86  7:06  Sentry  
  89  7:09  Shield Battery  
  89  7:10  Probe  
  90  7:16  Disruptor (Chrono Boost), Probe  
  90  7:19  Protoss Ground Weapons Level 1 (Chrono Boost)  
  90  7:22  Probe x2  
  95  7:26  Robotics Facility  
  95  7:28  Probe, Gateway  
  97  7:31  Gateway  
  97  7:33  Zealot  
  97  7:34  Probe  
  97  7:35  Probe  
  101  7:38  Pylon  
  101  7:39  Charge  
  101  7:41  Probe  
  102  7:46  Probe  
  102  7:47  Probe  
  102  7:49  Observer (Chrono Boost)  
  105  7:51  Assimilator  
  105  7:52  Assimilator  
  105  7:53  Probe  
  106  7:59  Probe  
  106  8:01  Zealot x2, Sentry  
  106  8:02  Probe  
  106  8:05  Probe, Pylon x2  
  114  8:07  Photon Cannon  
  115  8:14  Probe  
  115  8:16  Disruptor  
  115  8:17  Disruptor  
  115  8:19  Shield Battery  
  122  8:20  Observer, Probe  
  122  8:21  Probe  
  122  8:24  Zealot x2  
  122  8:26  Probe  
  129  8:29  Pylon  
  122  8:54  Zealot x4  
  122  8:55  Zealot  
  123  8:56  Disruptor x2 (Chrono Boost)  
  123  9:00  Probe x3  
  132  9:05  Pylon  
  132  9:10  Protoss Ground Weapons Level 2 (Chrono Boost)  
  132  9:12  Gateway  
  132  9:14  Gateway  
  132  9:17  Nexus  
  132  9:21  Templar Archives, Pylon  
  132  9:25  Observer (Chrono Boost)  
  132  9:27  Disruptor (Chrono Boost), Probe x3  
  132  9:29  Sentry  
  141  9:39  Photon Cannon  
  141  9:42  Photon Cannon  
  141  9:43  Shield Battery  
  141  9:46  Sentry, Stalker x2  
  141  9:47  Disruptor (Chrono Boost)  
  150  9:54  Probe x3  
  153  10:02  Pylon  
  153  10:04  High Templar x2  
  153  10:05  Shield Battery  
  157  10:08  Archon  
  157  10:11  Forge  
  157  10:15  Stalker  
  157  10:17  Photon Cannon  
  157  10:18  Disruptor (Chrono Boost), Shield Battery  
  162  10:24  Observer  
  162  10:25  Sentry, Stalker  
  165  10:37  Zealot  
  165  10:41  Gateway  
  165  10:42  Disruptor (Chrono Boost), Probe x4, Gateway  
  170  10:45  Assimilator  
  170  10:46  Protoss Ground Armor Level 1 (Chrono Boost)  
  170  10:47  Stalker  
  170  10:49  Assimilator  
  172  10:52  Gravitic Boosters  
  172  10:53  Observer (Chrono Boost)  
  173  11:02  Nexus  
  171  11:04  Pylon  
  171  11:05  Disruptor (Chrono Boost)  
  174  11:16  Zealot x3  
  174  11:18  Stalker  
  174  11:19  Stalker x3  
  178  11:38  Immortal (Chrono Boost)  
  185  11:40  Disruptor (Chrono Boost), Photon Cannon, Stalker x2  
  185  11:42  Photon Cannon  
  186  11:49  Protoss Ground Weapons Level 3 (Chrono Boost)  
  176  11:54  Stargate  
  176  11:55  Stalker  
  178  12:02  Stalker x2  
  178  12:06  Zealot  
  178  12:08  Zealot  
  186  12:12  Colossus  
  184  12:18  Pylon x2  
  184  12:19  Pylon  
  184  12:31  Nexus  
  184  12:35  Colossus  
  190  12:37  Stalker, High Templar x2  
  190  12:42  Archon  
  195  12:57  Probe x4  
  196  13:03  Fleet Beacon  
  196  13:06  Nexus, Warp Prism (Chrono Boost), Stargate  
  188  13:22  Pylon  
  184  13:29  Warp Prism (Chrono Boost)  
  180  13:34  Gravitic Drive  
  180  13:42  Protoss Ground Armor Level 2 (Chrono Boost)  
  180  13:44  Photon Cannon  
  180  13:46  Photon Cannon, Psionic Storm  
  180  13:47  High Templar  
  182  13:48  Carrier (Chrono Boost)  
  182  13:49  High Templar  
  188  14:03  Carrier (Chrono Boost)  
  193  14:29  Dark Shrine  
  193  14:38  Protoss Air Weapons Level 1 (Chrono Boost)  
  193  14:42  Carrier (Chrono Boost)  
  193  14:44  Nexus  
  199  14:49  Pylon  
  199  14:58  Protoss Shields Level 1 (Chrono Boost)  
  199  15:12  Photon Cannon  
  199  15:14  Photon Cannon  
  198  15:15  Photon Cannon  
  198  15:16  Shield Battery  
  198  15:18  Shield Battery  
  198  15:21  Stargate  
  198  15:22  Probe x2  
  200  15:37  Pylon  
  200  15:39  Cybernetics Core  
  200  15:42  Carrier (Chrono Boost), Gateway  
  198  15:44  Gateway  
  196  15:53  Carrier (Chrono Boost)  
  200  16:00  Stargate  
  198  16:25  Observer  
  192  16:27  Archon  
  192  16:29  Protoss Ground Armor Level 3 (Chrono Boost), Stalker  
  192  16:32  Carrier (Chrono Boost)  
  194  16:36  Assimilator  
  200  16:40  Nexus  
  200  16:41  Assimilator  
  200  16:42  Photon Cannon  
  200  16:44  Shield Battery, Photon Cannon  
  200  16:45  Carrier (Chrono Boost)  
  198  16:50  Shadow Stride  
  198  16:51  Protoss Shields Level 2  
  198  16:52  Gateway  
  198  16:53  Observer  
  198  16:58  Protoss Air Armor Level 1 (Chrono Boost)  
  198  17:02  Protoss Air Weapons Level 2 (Chrono Boost)  
  198  17:04  Gateway  
  198  17:05  Gateway  
  198  17:06  Gateway  
  198  17:07  Gateway  
  196  17:15  High Templar  
  189  17:27  Carrier (Chrono Boost)  
  187  17:32  Carrier (Chrono Boost)  
  187  17:36  Stalker  
  187  18:16  Stalker x4  
  194  18:24  Carrier x2 (Chrono Boost)  
  194  18:26  Carrier (Chrono Boost)  
  193  18:28  Carrier (Chrono Boost)  
  190  18:35  High Templar  
  190  18:36  Probe, Assimilator  
  185  18:46  Dark Templar, Stalker x3  
  185  18:47  Nexus, Zealot x2, Dark Templar  
  199  18:51  Archon  
  199  18:59  Protoss Air Armor Level 2 (Chrono Boost)  
  198  19:06  Stalker  
  199  19:16  Probe  
  196  19:27  Stalker x3  
  182  19:38  Sentry  
  182  19:39  Stalker  
  182  19:40  Dark Templar x2  
  182  19:41  Observer (Chrono Boost), Probe  
  182  19:42  Probe x2  
  194  19:46  Archon  
  194  19:47  Zealot, Stalker  
  194  19:49  Observer (Chrono Boost)  
  199  19:59  Pylon  
  199  20:18  Dark Templar  
  192  20:48  Disruptor x2  
  192  20:50  Tempest  
  193  20:57  Dark Templar x2  
  193  21:01  Nexus  
  197  21:07  Archon  
  194  21:14  Dark Templar x2  
  192  21:24  Observer  
  193  21:31  High Templar  
  185  21:33  Protoss Shields Level 3 (Chrono Boost)  
  175  21:43  Archon  
  175  21:44  Disruptor (Chrono Boost), Archon, Observer (Chrono Boost)  
  177  21:56  Protoss Air Weapons Level 3 (Chrono Boost)  
  177  21:58  Dark Templar x2, Stalker x2  
  177  22:00  High Templar  
  185  22:02  Warp Prism (Chrono Boost)  
  185  22:03  Probe x2  
  185  22:06  Probe  
  190  22:13  High Templar  
  190  22:14  Nexus  
  190  22:15  Photon Cannon  
  192  22:18  Dark Templar, Probe  
  192  22:19  Photon Cannon  
  192  22:20  Probe  
  194  22:30  Dark Templar, Pylon  
  194  22:51  High Templar  
  196  22:55  Photon Cannon, Assimilator  
  196  22:56  Assimilator  
  196  22:57  Photon Cannon  
  196  23:01  Oracle (Chrono Boost)  
  199  23:07  Assimilator  
  199  23:12  Assimilator  
  197  23:15  Photon Cannon, High Templar  
  197  23:17  Shield Battery  
  197  23:27  High Templar  
  192  23:46  Nexus  
  179  23:51  Disruptor (Chrono Boost)  
  179  23:52  Immortal (Chrono Boost)  
  179  23:53  Stalker x3  
  191  23:58  High Templar, Pylon  
  191  23:59  Probe  
  194  24:03  Stalker  
  194  24:04  Stalker  
  194  24:05  Archon  
  198  24:12  Nexus  
  198  24:14  Gateway x2, Pylon  
  188  24:27  Tempest (Chrono Boost)  
  192  24:31  Probe x4  
  192  24:36  Tempest (Chrono Boost)  
  190  24:41  Observer (Chrono Boost), Probe  
  190  24:42  Tempest (Chrono Boost)  
  190  24:43  Unknown  
  190  24:44  Observer (Chrono Boost)  
  198  24:49  Dark Templar  
  198  24:50  Photon Cannon  
  198  24:51  Shield Battery  
  200  24:59  Shield Battery  
  200  25:01  Shield Battery  
  193  25:37  Tempest  
  193  25:41  High Templar  
  200  25:45  Unknown  
  194  26:08  Stalker x2  
  189  26:22  Oracle (Chrono Boost), High Templar  
  194  26:34  Stalker x2  
  193  26:45  Nexus  
  191  26:54  Archon  
  183  27:11  Pylon  
  184  27:20  Tempest  
  184  27:21  Oracle  
  188  27:23  Probe  
  188  27:24  Stalker x2  
  188  27:29  High Templar  
  195  27:31  Photon Cannon  
  195  27:33  Shield Battery  
  195  27:51  Photon Cannon  
  195  27:52  Dark Templar, High Templar  
  195  27:53  Photon Cannon  
  195  27:55  Photon Cannon  
  195  27:56  Shield Battery  
  195  27:57  Nexus  
  195  27:58  Shield Battery, Photon Cannon  
  199  28:02  Assimilator  
  199  28:06  Assimilator  
  188  28:34  Void Ray (Chrono Boost)  
  184  28:41  Pylon  
  184  28:52  Dark Templar x2  
  188  28:55  Protoss Air Armor Level 3 (Chrono Boost)  
  188  28:59  Stalker x2  
  188  29:00  Stalker  
  188  29:01  Shield Battery  
  194  29:03  Photon Cannon  
  194  29:19  Observer  
  194  29:24  Observer  
  194  29:32  Assimilator  
  191  29:58  Dark Templar  
  191  29:59  High Templar  
  191  30:10  Disruptor (Chrono Boost)  
  191  30:12  High Templar  
  194  30:32  Shield Battery  
  194  30:33  Dark Templar  
  194  30:35  Dark Templar, Observer  
  198  30:40  Gateway  
  198  30:54  Observer  
  172  31:27  Oracle (Chrono Boost)  
  172  31:28  Tempest (Chrono Boost)  
  180  31:37  Stalker  
  180  31:38  Stalker x2  
  186  31:40  High Templar  
  188  31:55  Observer  
  187  32:08  Gateway  
  187  32:09  Gateway  
  183  32:23  Dark Templar, High Templar  
  183  32:26  Photon Cannon  
  183  32:27  Shield Battery  
  183  32:29  Oracle  
  190  32:31  Tempest  
  195  32:37  Observer  
  194  32:46  Dark Templar, High Templar  
  190  33:32  Nexus  
  188  33:43  Flux Vanes  
  188  33:44  Tempest (Chrono Boost)  
  188  33:45  Tempest (Chrono Boost)  
  200  33:50  Observer  
  200  33:54  Stargate  
  200  33:55  Tempest (Chrono Boost)  
  200  33:58  Observer  
  198  34:04  Observer  
  198  34:15  Stalker  
  198  34:18  Observer  
  195  34:24  Observer  
  192  34:50  Observer  
  192  34:52  Tempest (Chrono Boost)  
  196  35:00  Void Ray (Chrono Boost)  
  195  35:20  Observer  
  195  35:21  Nexus  
  185  35:29  Oracle (Chrono Boost)  
  183  35:40  Pylon  
  183  35:43  Unknown  
  183  35:49  Tempest (Chrono Boost)  
  179  35:50  Tempest (Chrono Boost)  
  179  35:56  Void Ray (Chrono Boost)  
  191  36:00  High Templar  
  179  36:18  Dark Templar x3  
  183  36:20  Dark Templar x2  
  183  36:21  Shield Battery  
  183  36:22  Shield Battery  
  183  36:24  Shield Battery  
  183  36:25  Shield Battery  
  188  36:26  Zealot  
  188  36:27  Zealot x2, Photon Cannon  
  188  36:29  Shield Battery  
  188  36:30  Pylon  
  194  36:34  Pylon  
  180  36:46  Sentry, Stalker x2  
  175  36:50  Probe x3  
  175  36:51  Probe  
  175  36:58  Photon Cannon  
  175  36:59  Probe  
  175  37:00  Shield Battery, Probe  
  175  37:01  Shield Battery  
  177  37:08  Void Ray  
  179  37:16  Tempest  
  184  37:23  Observer  
  182  37:34  Zealot  
  183  37:43  Void Ray  
  185  37:47  Stalker x2  
  185  37:48  Probe x6  
  176  38:15  Stalker x4  
  179  38:20  Stalker  
  179  38:21  Zealot, Stalker x4  
  179  38:22  Probe x2  
  179  38:23  Probe x2  
  179  38:24  Disruptor  
  173  38:42  Stalker x3  
  175  38:49  Void Ray  
  169  39:00  Zealot x5  
  169  39:01  Zealot  
  185  39:05  Zealot x4, Sentry, Stalker x2  
  145  39:26  Stalker  
  145  39:27  Stalker  
Show
View Real Time Build Order
Export as new Build Order

Kelazhur Terran 

Build Orders:  

Get SALT Encoding   

  12  0:00  SCV  
  13  0:12  SCV  
  14  0:17  Supply Depot  
  14  0:24  SCV  
  15  0:38  SCV  
  15  0:39  Barracks  
  16  0:43  Refinery  
  16  0:50  SCV  
  16  0:53  Refinery  
  17  1:02  SCV  
  18  1:14  SCV  
  19  1:26  Supply Depot  
  19  1:27  Reaper, Orbital Command  
  20  1:43  Factory  
  20  1:53  SCV  
  21  1:59  Barracks Reactor  
  21  2:05  SCV  
  22  2:17  Command Center  
  22  2:20  SCV  
  23  2:30  Starport  
  23  2:34  SCV  
  26  2:37  Widow Mine  
  26  2:41  Supply Depot  
  26  2:43  Marine  
  27  2:47  Marine  
  27  2:49  SCV  
  29  3:01  SCV, Marine  
  29  3:03  Widow Mine  
  29  3:05  Marine  
  32  3:12  Medivac  
  35  3:13  SCV  
  35  3:18  Marine  
  37  3:23  Marine  
  37  3:26  SCV, Factory Tech Lab  
  39  3:29  Orbital Command  
  39  3:36  Marine  
  39  3:38  SCV  
  39  3:41  Marine  
  42  3:50  SCV  
  42  3:54  Marine  
  44  3:56  Factory Tech Lab  
  44  3:58  Marine  
  44  3:59  Raven  
  44  4:01  SCV  
  44  4:02  SCV  
  49  4:07  Supply Depot  
  49  4:12  Barracks  
  49  4:13  SCV  
  49  4:14  SCV  
  48  4:25  SCV, Siege Tank  
  48  4:26  SCV  
  48  4:29  Marine x2  
  55  4:33  Refinery  
  55  4:37  SCV  
  54  4:38  SCV  
  54  4:41  Barracks  
  54  4:45  Engineering Bay  
  55  4:49  SCV  
  55  4:50  Supply Depot, SCV  
  57  4:56  Marine x2  
  59  5:02  SCV x2  
  61  5:09  Stimpack  
  61  5:11  Siege Tank  
  61  5:12  Marauder, Starport Reactor  
  61  5:14  SCV x2  
  67  5:18  Refinery  
  67  5:20  Supply Depot, Marine x2  
  70  5:33  Supply Depot  
  70  5:36  Barracks Tech Lab  
  70  5:40  SCV  
  70  5:41  Marine x2  
  70  5:42  SCV, Marauder  
  75  5:45  Terran Infantry Weapons Level 1  
  75  5:49  Supply Depot  
  75  5:52  SCV, Medivac  
  75  5:54  SCV  
  75  5:56  Marauder  
  81  5:57  Supply Depot, Factory Reactor  
  81  5:58  Combat Shield  
  81  6:00  Marine  
  81  6:01  Marine  
  83  6:04  SCV  
  83  6:06  SCV  
  83  6:07  Marine  
  83  6:11  Medivac  
  88  6:16  SCV  
  88  6:17  Marauder  
  91  6:18  SCV  
  89  6:28  Viking, SCV  
  89  6:30  SCV, Marauder  
  95  6:34  Marine x2  
  95  6:36  Widow Mine x2  
  101  6:40  SCV  
  102  6:49  Supply Depot  
  102  6:50  Supply Depot  
  102  6:54  Command Center  
  102  6:59  Marine  
  102  7:08  Barracks x2  
  102  7:10  SCV, Widow Mine x2, Marauder  
  102  7:12  Medivac, Marauder  
  102  7:14  Marine  
  114  7:15  Concussive Shells  
  114  7:23  Supply Depot  
  114  7:24  Medivac  
  114  7:28  SCV, Marine  
  118  7:39  Terran Infantry Armor Level 1  
  118  7:44  SCV x2, Armory, Marauder, Marine  
  118  7:46  Engineering Bay  
  118  7:47  Supply Depot  
  123  7:54  Widow Mine  
  123  7:56  SCV  
  126  8:05  Medivac  
  126  8:06  Barracks Reactor, Widow Mine, Marauder x2  
  126  8:07  SCV  
  126  8:11  SCV  
  136  8:16  Marauder  
  136  8:19  SCV  
  139  8:23  SCV  
  139  8:25  Supply Depot  
  139  8:26  Orbital Command  
  140  8:27  Marauder  
  140  8:29  Marine x2  
  148  8:34  Widow Mine x2  
  146  8:42  Marauder x2  
  146  8:44  Refinery  
  146  8:45  Refinery  
  132  8:54  Marauder  
  125  8:56  Marine  
  125  8:57  Marine x2  
  128  9:03  Engineering Bay  
  128  9:05  Marine  
  128  9:06  Marauder x2  
  133  9:11  Terran Infantry Weapons Level 2  
  133  9:13  Supply Depot  
  133  9:14  Marine x2  
  135  9:21  Sensor Tower  
  135  9:22  Marauder  
  135  9:23  Ghost Academy, Missile Turret  
  137  9:24  Marine x2  
  137  9:26  Widow Mine  
  137  9:27  Marauder  
  143  9:31  Missile Turret  
  143  9:36  Medivac x2, Widow Mine  
  149  9:39  Marauder  
  149  9:43  Supply Depot  
  151  9:48  Marauder, Marine  
  151  9:49  Marauder  
  155  9:54  Widow Mine  
  155  9:55  Marine  
  155  9:58  Widow Mine  
  155  9:59  SCV x3  
  163  10:08  Marine x2, Ghost  
  163  10:09  Marine  
  163  10:13  Terran Infantry Armor Level 2  
  166  10:24  Command Center  
  162  10:33  Marine x2, Ghost x2  
  162  10:34  Enhanced Shockwaves, Marine x2  
  172  10:42  Widow Mine  
  172  10:51  Marine  
  172  10:55  Supply Depot  
  173  10:57  Missile Turret  
  173  10:58  Medivac x2, Ghost  
  173  10:59  Widow Mine  
  181  11:16  Supply Depot, Marine x2, Ghost x2  
  181  11:17  Widow Mine  
  189  11:22  Missile Turret  
  189  11:24  Widow Mine  
  188  11:30  Ghost  
  188  11:32  Marine x2  
  189  11:36  Terran Infantry Weapons Level 3  
  189  11:45  Ghost x2  
  192  11:49  Marine  
  192  11:51  Planetary Fortress  
  191  12:00  Marauder  
  193  12:08  Marine  
  193  12:09  Marine  
  193  12:14  Barracks x2, Marauder, Command Center  
  193  12:15  Barracks  
  197  12:25  Ghost x2  
  185  12:39  Starport  
  189  12:46  Fusion Core  
  189  12:50  Factory Reactor  
  187  12:55  Ghost x2  
  187  12:56  Marine x2  
  192  13:00  Liberator x2  
  192  13:02  Terran Ship Weapons Level 1  
  194  13:09  Terran Infantry Armor Level 3  
  194  13:18  Marine, Ghost  
  173  13:20  Barracks Tech Lab  
  173  13:25  Marauder x2  
  173  13:26  Barracks Tech Lab  
  171  13:32  Marine x2  
  171  13:33  Marine  
  172  13:35  Barracks Tech Lab  
  172  13:38  Refinery  
  172  13:39  Refinery  
  170  13:42  Command Center  
  170  13:46  Marauder x2  
  170  13:47  Marauder  
  170  13:48  Liberator x2  
  177  13:51  SCV  
  174  14:07  Marauder x2  
  176  14:11  Marauder x2, Marine x3  
  176  14:12  Liberator, Widow Mine x2, Marine  
  176  14:13  Advanced Ballistics  
  191  14:22  Liberator  
  194  14:27  SCV x3  
  194  14:28  SCV  
  194  14:29  Planetary Fortress  
  196  14:36  Liberator  
  199  14:39  SCV  
  200  14:52  Missile Turret  
  200  14:54  Sensor Tower  
  199  15:07  SCV, Command Center  
  198  15:27  Refinery  
  198  15:28  Refinery  
  198  15:32  Liberator x2  
  200  15:36  Missile Turret  
  200  15:39  Missile Turret  
  200  15:41  Planetary Fortress  
  200  15:42  Command Center, Hi-Sec Auto Tracking  
  200  15:46  Neosteel Armor  
  198  15:57  Terran Ship Weapons Level 2  
  198  15:58  Liberator  
  198  16:01  Missile Turret  
  195  16:04  Missile Turret  
  184  16:16  Marauder x3, Marine x5  
  184  16:17  Liberator x2  
  188  16:21  Marauder  
  180  16:27  Marauder  
  180  16:29  Liberator  
  179  16:34  Marine, Ghost  
  179  16:37  Widow Mine x2, Ghost  
  186  16:41  Liberator  
  186  16:43  Orbital Command  
  187  16:56  Orbital Command  
  187  16:58  Widow Mine  
  187  16:59  Widow Mine  
  187  17:00  Liberator  
  194  17:01  Liberator  
  194  17:02  Command Center  
  185  17:29  Marine, Ghost x2  
  192  17:30  Marine  
  192  17:31  Marauder x2  
  196  17:53  Viking x4  
  196  17:54  Marine x3  
  196  17:56  Marine  
  195  18:05  Marine x5  
  186  18:06  Ghost  
  186  18:12  Armory  
  179  18:23  Viking x2, Ghost x2  
  179  18:30  Viking x2, Marine x2  
  179  18:31  Marine x5  
  187  18:34  Ghost  
  187  18:36  Missile Turret  
  187  18:37  Missile Turret  
  189  18:44  Starport  
  189  18:49  Ghost  
  189  18:53  Viking x2  
  195  19:00  Viking x2  
  199  19:03  Terran Vehicle And Ship Armor Level 1  
  199  19:05  Terran Ship Weapons Level 3  
  196  19:26  Viking x3  
  196  19:27  Marine  
  196  19:29  Viking  
  196  19:30  Viking  
  197  19:42  Missile Turret  
  197  19:43  Missile Turret, Sensor Tower  
  197  19:44  Command Center  
  197  19:56  Viking  
  199  20:03  Starport Reactor, Starport  
  197  20:31  Viking x3  
  183  20:37  Viking  
  177  20:44  Marine  
  177  20:45  Marine x2  
  177  20:48  Viking, Marine  
  177  20:49  Marine  
  170  20:50  Viking  
  171  21:00  Planetary Fortress  
  171  21:01  Viking x2  
  175  21:09  Marine x6  
  175  21:10  Marine x4  
  170  21:27  Marine x4, Ghost x2  
  170  21:28  Marine x2  
  182  21:32  Marauder  
  182  21:35  Marine  
  182  21:44  SCV x2  
  182  21:45  SCV x3, Marine  
  182  21:46  SCV  
  185  21:49  Terran Vehicle And Ship Armor Level 2  
  185  21:52  Liberator x4  
  193  21:57  Missile Turret  
  193  22:00  Missile Turret  
  193  22:10  SCV x6, Refinery x2  
  193  22:11  SCV  
  200  22:20  Missile Turret  
  198  23:04  Refinery x2  
  197  23:11  Command Center  
  179  23:14  Command Center  
  179  23:19  Liberator x2  
  179  23:20  Liberator x5  
  173  24:02  Liberator x3  
  173  24:03  Liberator x2, Marine  
  173  24:04  Marine  
  173  24:06  Liberator  
  173  24:08  Marine  
  194  24:15  Marine x6  
  186  24:40  Personal Cloaking  
  186  24:54  Liberator x4  
  186  24:57  Orbital Command  
  198  25:03  Missile Turret  
  198  25:04  Sensor Tower  
  198  25:06  Command Center  
  198  25:13  Weapon Refit  
  197  25:27  Liberator x2  
  188  25:57  Ghost x4  
  196  26:06  Nuke  
  196  26:18  Viking x3  
  193  26:27  Planetary Fortress  
  193  26:32  Refinery  
  193  26:36  Refinery  
  193  26:39  Marine  
  187  27:05  Viking x4  
  190  27:12  Viking x2  
  190  27:13  Viking  
  191  27:17  Marine x4  
  191  27:18  Marine x5  
  191  27:21  Planetary Fortress  
  197  27:33  Unknown  
  197  27:35  Viking  
  193  27:38  Command Center  
  193  27:43  Viking x4  
  193  27:44  Viking  
  198  27:48  Marauder  
  197  28:09  Liberator  
  192  28:24  Liberator x2  
  192  28:25  Liberator  
  185  28:40  SCV x3  
  187  28:43  SCV  
  187  28:44  SCV x4  
  192  28:49  SCV  
  192  28:52  SCV  
  192  28:55  Viking x3  
  196  28:56  Missile Turret  
  200  29:09  Terran Vehicle And Ship Armor Level 3  
  184  29:32  Ghost x4  
  153  29:56  Liberator x2  
  153  29:57  Liberator x2  
  159  30:10  Marine  
  159  30:12  SCV x3  
  160  30:16  Missile Turret  
  160  30:17  Ghost x2  
  161  30:32  Liberator  
  164  30:38  SCV x2  
  166  30:51  SCV x2  
  166  30:52  Viking  
  159  31:14  Viking x2  
  161  31:23  Marine x2, Ghost x2  
  161  31:24  Viking, Marine x5  
  155  31:31  Viking  
  152  32:02  Viking  
  152  32:03  Viking  
  152  32:04  Liberator x4  
  152  32:05  Marine  
  152  32:06  Marine  
  162  32:20  Missile Turret  
  162  32:21  SCV x3  
  165  32:47  Marine, Planetary Fortress  
  165  32:48  Marine x4  
  170  32:53  Liberator x2  
  170  32:57  SCV x4, Missile Turret  
  174  33:00  SCV x2  
  172  33:16  Ghost x4  
  180  33:25  Unknown  
  180  33:28  SCV x5  
  183  33:42  Viking x4  
  183  33:47  Viking x2, Marine  
  183  33:48  Marine x6  
  198  34:02  Viking  
  196  34:12  Viking x2  
  198  34:34  Viking  
  197  35:04  Viking x2  
  189  35:24  Ghost x3  
  186  35:31  Viking x5  
  186  35:34  Viking  
  193  35:35  Marine  
  193  35:36  Marine x5  
  189  35:52  Ghost  
  189  35:53  Ghost x2  
  192  36:08  Ghost  
  192  36:09  Ghost  
  192  36:10  Viking x2  
  192  36:11  Viking  
  196  36:12  Marine  
  196  36:13  Marine  
  198  36:21  Ghost  
  200  36:29  Factory Tech Lab  
  187  36:44  Ghost x2  
  172  36:51  Viking  
  165  36:55  Marine x6  
  165  36:56  Viking x3  
  165  36:57  Viking x3  
  180  37:21  Viking  
  181  37:26  Viking  
  181  37:32  Viking x2  
  185  37:42  Ghost  
  185  37:43  Ghost  
  171  38:07  Marine  
  171  38:12  Marine  
  168  38:17  Marine  
  166  38:33  Marine  
  163  38:38  Viking x2, Marine  
  163  38:39  Viking x2  
  162  38:56  Marine  
Tags
 
Add a new tag
Caveats
  • Supply blocks, unpowered buildings, or Contaminate may cause inaccurate times.
  • Supply counts are checked every 10 seconds.